Cogmind - Beta 13 @@@ ROGUE MODE // 2024.04.30 @ 13:24:17 Player: monkeman Result: Self-destructed Performance ------------- Evolutions (2) 1000 Regions Visited (5) 1000 Robots Destroyed (78) 390 Value Destroyed (2026) 2026 Prototype IDs (29) 580 Alien Tech Used (0) 0 Bonus (300) 300 TOTAL SCORE: 5296 Bonus ------- Aligned with FarCom 300 Cogmind --------- Core Integrity 117/550 Matter 62/300 Energy 72/140 System Corruption 0% Temperature Hot (245) Movement Core (450) Ox8 Location -8/Materials Parts ------- > --- POWER (1) -------- Light Deuterium Engine > --- PROPULSION (2) --- (None) > --- UTILITY (6) ------ Large Storage Unit > --- WEAPON (2) ------- (None) > --- INVENTORY (15) --- Huge Storage Unit Structural Scanner Improved Signal Interpreter Reflective Plating Long-range Tractor Beam Particle Gun Spread Laser Flak Cannon Flak Cannon Grenade Launcher Maul Peak State ------------ > --- POWER ------------ (None) > --- PROPULSION ------- Wheel > --- UTILITY ---------- Improved Heat Sink Large Storage Unit Utility Shielding Hardlight Generator Hacking Suite > --- WEAPON ----------- Firepult > --- INVENTORY -------- Wheel Huge Storage Unit Structural Scanner Improved Signal Interpreter Reflective Plating Long-range Tractor Beam Particle Gun Spread Laser Flak Cannon Flak Cannon Grenade Launcher Maul [Rating: 34] Favorites ----------- Power Ion Engine Engine Ion Engine Propulsion Light Treads Treads Light Treads Wheel Wheel Utility Large Storage Unit Device Improved Heat Sink Storage Large Storage Unit Processor Transport Network Coupler Hackware Hacking Suite Protection Light Armor Plating Weapon Light Assault Rifle Energy Gun Particle Gun Energy Cannon Beam Cannon Ballistic Gun Light Assault Rifle Ballistic Cannon Flak Cannon Launcher Grenade Launcher Impact Weapon Maul Build | -11 -10 -10 -10 -9 -8 ------- Run | Yrd Mat Min Exi Min Mat Slots Evolved 4 | . . . . . 4 Power . | . . . . . . Propulsion . | . . . . . . Utility 4 | . . . . . 4 Weapon . | . . . . . . Parts Attached 65 | 7 9 6 . 1 42 Power 6 | 1 2 . . . 3 Engine 6 | 1 2 . . . 3 Core . | . . . . . . Reactor . | . . . . . . Propulsion 11 | 2 . 1 . 1 7 Treads 9 | 2 . 1 . 1 5 Leg . | . . . . . . Wheel 2 | . . . . . 2 Hover . | . . . . . . Flight . | . . . . . . Utility 20 | 2 3 . . . 15 Device 9 | 1 1 . . . 7 Storage 4 | 1 1 . . . 2 Processor 1 | . . . . . 1 Hackware 1 | . . . . . 1 Protection 5 | . 1 . . . 4 Artifact . | . . . . . . Weapon 28 | 2 4 5 . . 17 Energy Gun 3 | . 1 . . . 2 Energy Cannon 6 | . 1 2 . . 3 Ballistic Gun 7 | 2 1 1 . . 3 Ballistic Cannon 4 | . . . . . 4 Launcher 6 | . 1 2 . . 3 Special Weapon . | . . . . . . Impact Weapon 2 | . . . . . 2 Slashing Weapon . | . . . . . . Piercing Weapon . | . . . . . . Special Melee Weapon . | . . . . . . Unidentified Prototypes 1 | . . . . . 1 Parts Lost 25 | . 2 . . 1 22 Power 2 | . . . . . 2 Propulsion 7 | . . . . 1 6 Utility 10 | . 1 . . . 9 Weapon 6 | . 1 . . . 5 Highest Loss Streak 11 | . 1 . . 1 11 To Critical Strikes . | . . . . . . Average Slot Usage (%) 94 | . 99 100 100 99 85 Engine 11 | . 14 14 14 14 7 Treads 23 | . 28 28 28 27 16 Device 7 | . 8 . . . 15 Storage 12 | . 14 14 14 14 9 Hackware 2 | . . . . . 7 Protection 11 | . 5 14 14 14 11 Energy Gun 1 | . . . . . 5 Energy Cannon 7 | . 4 12 14 14 3 Ballistic Gun 13 | . 23 14 14 14 5 Naked Turns . | . . . . . . Heaviest Build 49 | 13 32 32 32 32 49 Greatest Support 46 | 40 40 40 40 40 46 Greatest Overweight (x) 13 | 3 . . . 1 13 Average Overweight (x) . | . . . . . . Largest Inventory Capacity 25 | 8 15 15 15 15 25 Average Capacity 13 | 7 10 15 15 15 15 Most Carried 16 | 5 15 15 15 15 16 Average Carried 12 | 3 8 15 14 14 13 Final Capacity 15 | 8 15 15 15 15 15 Final Carried 15 | 4 15 15 14 15 11 Class Distribution -------------------- 78% | Mutant 21% | Scavenger-Mutant Dominant Class ---------------- Mutant | -10/Materials Mutant | -10/Mines Mutant | -10/Exiles Mutant | -9/Mines Scavenger-Mutant | -8/Materials Resources | -11 -10 -10 -10 -9 -8 ----------- Run | Yrd Mat Min Exi Min Mat Matter Collected 1365 | 233 363 94 66 15 594 Remotely 107 | . . . . . 107 Salvage Created 2302 | 109 784 30 . 146 1233 Parts 140 | 5 51 8 . 11 65 Haulers Intercepted 4 | . 1 . . . 3 Recyclers Shooed 4 | . . . . . 4 Parts Field Recycled . | . . . . . . Retrieved Matter . | . . . . . . Parts Self-Destructed . | . . . . . . Prevented . | . . . . . . Kills | -11 -10 -10 -10 -9 -8 ------- Run | Yrd Mat Min Exi Min Mat Combat Hostiles Destroyed 57 | . 17 6 . 4 30 Guns 16 | . 11 . . 1 4 Cannons 22 | . 2 . . 3 17 AOE 16 | . 4 6 . . 6 Classes Destroyed 10 | 2 5 . . . 3 Builder 1 | . 1 . . . . Tunneler 3 | 1 . . . . 2 Hauler 4 | . 1 . . . 3 Recycler 5 | 1 2 . . . 2 Operator 3 | . . . . . 3 Watcher 5 | . 3 . . . 2 Swarmer 20 | . 3 6 . 1 10 Grunt 33 | . 14 . . 3 16 Sentry 2 | . . . . . 2 Specialist 2 | . . . . . 2 Best Kill Streak 8 | 2 6 3 . 3 8 Combat Bots Only 5 | . 5 3 . 3 5 Max Kills in Single Turn 4 | 1 2 3 . 2 4 Gunslinging . | . . . . . . Exploded 3 | . 1 3 . . 3 Melee . | . . . . . . Uniques/NPCs Destroyed . | . . . . . . Combat | -11 -10 -10 -10 -9 -8 -------- Run | Yrd Mat Min Exi Min Mat Hostile Shots Fired 417 | . 89 19 . 20 289 Missed 142 | . 27 4 . 5 106 Damage Taken 3620 | . 640 123 . 203 2654 Core 560 | . 74 10 . 43 433 Absorbed by Shields 112 | . . . . . 112 Redirected to Shielding 54 | . . . . . 54 Ignored by Resistances 114 | . . . . . 114 Core Remaining (%) 74 | 100 . . . 49 . Volleys Fired 214 | 4 79 5 . 9 117 Largest 2 | 2 2 2 . 2 2 Hottest 250 | 40 80 50 . 80 250 Shots Fired 406 | 8 156 9 . 18 215 Gun 267 | 8 141 4 . 9 105 Cannon 125 | . 9 . . 9 107 Launcher 14 | . 6 5 . . 3 Special . | . . . . . . Kinetic 285 | 8 141 4 . 9 123 Thermal 107 | . 9 . . 9 89 Explosive 14 | . 6 5 . . 3 Electromagnetic . | . . . . . . Robot Hit Streak 14 | 5 12 4 . 10 14 Robot Miss Streak 5 | 1 3 . . 1 5 Penetration Max . | . . . . . . Secondary Targets 1 | . 1 . . . . Max Gunslinging Chain 1 | . 1 . . . . Shots Hit Robots 264 | 7 97 1 . 13 146 Core Hits 167 | 5 52 8 . 8 94 Critical Kills 3 | . 1 . . . 2 Critical Parts Destroyed . | . . . . . . Critical Strikes 8 | . 1 . . . 7 Burn 4 | . . . . . 4 Meltdown 1 | . . . . . 1 Destroy 2 | . 1 . . . 1 Blast 1 | . . . . . 1 Melee Attacks 5 | . . . . . 5 Impact 5 | . . . . . 5 Slashing . | . . . . . . Piercing . | . . . . . . Sneak Attacks . | . . . . . . Combat Hostiles . | . . . . . . Follow-up Attacks . | . . . . . . Damage Inflicted 4973 | 47 1194 287 . 178 3267 Guns 1749 | 47 722 . . 56 924 Cannons 1944 | . 122 . . 122 1700 Explosions 1240 | . 350 287 . . 603 Melee . | . . . . . . Ramming 40 | . . . . . 40 Kinetic 2427 | 47 722 . . 56 1602 Thermal 1486 | . 122 . . 122 1242 Explosive 1020 | . 350 287 . . 383 Electromagnetic . | . . . . . . Impact . | . . . . . . Slashing . | . . . . . . Piercing . | . . . . . . Highest Corruption . | . . . . . . Average Corruption . | . . . . . . Corruption Purged . | . . . . . . Corruption Blocked . | . . . . . . Overload Shots . | . . . . . . Overflow Damage 38 | . . . . . 38 Projectiles 18 | . . . . . 18 Explosions 20 | . . . . . 20 Melee . | . . . . . . Knockbacks 24 | . . . . . 24 Impact . | . . . . . . Kinetic 22 | . . . . . 22 Secondary 2 | . . . . . 2 Self-Inflicted Damage 44 | . 8 . . . 36 Shots 6 | . 2 . . . 4 Rammed 5 | . . . . . 5 Targets Rammed 5 | . . . . . 5 Kicked . | . . . . . . Crushed . | . . . . . . Highest Temperature 439 | . 217 16 . 377 439 Average Temperature 88 | . 56 12 . 177 71 Received Heat Transfer 1653 | . 288 . . 120 1245 Effects 4 | . 1 . . 2 1 Shutdowns 1 | . . . . . 1 Energy Bleed 2 | . 1 . . 1 . Damage (minor) 1 | . . . . 1 . Siege Activations . | . . . . . . Robots Corrupted . | . . . . . . Combat Hostiles . | . . . . . . Parts Fried . | . . . . . . Impact Corruptions . | . . . . . . Robots Melted 3 | . . . . . 3 Combat Hostiles 3 | . . . . . 3 Parts Melted 10 | . . . . . 10 Heat Transferred 4640 | . 259 . . 259 4122 Parts Sabotaged . | . . . . . . Parts Stolen . | . . . . . . Parts Stripped . | . . . . . . Power Chain Reactions . | . . . . . . Alert | -11 -10 -10 -10 -9 -8 ------- Run | Yrd Mat Min Exi Min Mat Peak Influence 375 | 10 337 157 . 70 375 Initial 75 | . 6 75 . . 7 Average 109 | 1 160 105 . 41 111 Maximum Alert Level 1 | . 1 . . . 1 Low Security (%) 87 | 100 73 100 . 100 84 Level 1 12 | . 26 . . . 15 Level 2 . | . . . . . . Level 3 . | . . . . . . Level 4 . | . . . . . . Level 5 . | . . . . . . High Security . | . . . . . . Max Security . | . . . . . . Squads Dispatched 12 | . 5 . . . 7 Investigation 4 | . 3 . . . 1 Extermination . | . . . . . . Reinforcement 6 | . 2 . . . 4 Assault . | . . . . . . Garrison 2 | . . . . . 2 Intercept . | . . . . . . Searches Triggered . | . . . . . . Construction Impeded 1 | . . . . . 1 Haulers Reinforced . | . . . . . . Active Scanning Responses . | . . . . . . Cargo Convoy Interrupts . | . . . . . . Stealth | -11 -10 -10 -10 -9 -8 --------- Run | Yrd Mat Min Exi Min Mat Distress Signals 6 | . 3 . . . 3 Communications Jammed . | . . . . . . Distress Signals . | . . . . . . Times Spotted 78 | . 24 6 . 4 44 Peak Tracking Total 6 | . 4 3 . 3 6 Tactical Retreats . | . . . . . . Traps | -11 -10 -10 -10 -9 -8 ------- Run | Yrd Mat Min Exi Min Mat Traps Triggered 2 | . 2 . . . . Indirectly . | . . . . . . Trap Hack Attempts . | . . . . . . Triggered . | . . . . . . Disarmed . | . . . . . . Reprogrammed . | . . . . . . Reused . | . . . . . . Traps Extracted . | . . . . . . Installed . | . . . . . . Triggered . | . . . . . . Machines | -11 -10 -10 -10 -9 -8 ---------- Run | Yrd Mat Min Exi Min Mat Machines Disabled 4 | . . . . . 4 Max in Single Turn 1 | . . . . . 1 Machines Repaired . | . . . . . . Machines Dismantled . | . . . . . . Machines Sabotaged . | . . . . . . Overloaded Fab Kills . | . . . . . . Hacking | -11 -10 -10 -10 -9 -8 --------- Run | Yrd Mat Min Exi Min Mat Machines Accessed 12 | . 3 . 1 . 8 Terminals 10 | . 3 . . . 7 Fabricators . | . . . . . . Repair Stations . | . . . . . . Recycling Units 1 | . . . . . 1 Scanalyzers . | . . . . . . Garrison Access . | . . . . . . Total Hacks 43 | . 10 . 1 . 32 Successful 18 | . 1 . 1 . 16 Failed 24 | . 9 . . . 15 Catastrophic 2 | . 2 . . . . Database Lockouts 1 | . . . . . 1 Manual 24 | . 10 . 1 . 13 Terminals 41 | . 10 . . . 31 Fabricators . | . . . . . . Repair Stations . | . . . . . . Recycling Units 1 | . . . . . 1 Scanalyzers . | . . . . . . Garrison Access . | . . . . . . Terminal Hacks 13 | . 1 . 1 . 11 Part Schematic 1 | . 1 . . . . Robot Analysis 1 | . . . . . 1 Prototype ID Bank 3 | . . . . . 3 Branch Access Points 1 | . . . . . 1 Garrison Index 1 | . . . . . 1 Locate Traps 2 | . . . . . 2 Hauler Manifests 1 | . . . . . 1 Registered Components 1 | . . . . . 1 Zone Layout 1 | . . . . . 1 Derelict Proto ID Bank 1 | . . . 1 . . Fabricator Hacks . | . . . . . . Repair Station Hacks . | . . . . . . Recycling Unit Hacks 1 | . . . . . 1 Report Inventory 1 | . . . . . 1 Scanalyzer . | . . . . . . Garrison Access Hacks . | . . . . . . Unauthorized Hacks 4 | . . . . . 4 Terminals 4 | . . . . . 4 Track 2 | . . . . . 2 Botnet 2 | . . . . . 2 Fabricators . | . . . . . . Repair Stations . | . . . . . . Recycling Units . | . . . . . . Scanalyzers . | . . . . . . Garrison Access . | . . . . . . Data Cores Recovered 2 | . . . . . 2 Used 1 | . . . . . 1 Hacking Detections 11 | . 3 . . . 8 Full Trace Events 4 | . 3 . . . 1 Feedback Events . | . . . . . . Feedback Blocked . | . . . . . . Robot Schematics Acquired . | . . . . . . Robots Built . | . . . . . . Authchips . | . . . . . . Time . | . . . . . . Total Robot Build Rating . | . . . . . . Part Schematics Acquired 1 | . 1 . . . . Parts Built . | . . . . . . Authchips . | . . . . . . Time . | . . . . . . Total Part Build Rating . | . . . . . . Parts Repaired . | . . . . . . Time . | . . . . . . Parts Recycled . | . . . . . . Recycled Matter . | . . . . . . Retrieved Matter . | . . . . . . Retrieved Components . | . . . . . . Parts Scanalyzed . | . . . . . . Part Schematics Acquired . | . . . . . . Parts Damaged . | . . . . . . Bothacking | -11 -10 -10 -10 -9 -8 ------------ Run | Yrd Mat Min Exi Min Mat Used RIF Installer . | . . . . . . Robots Hacked . | . . . . . . Non-combat . | . . . . . . Combat . | . . . . . . Robot Hacks Applied . | . . . . . . Relay Couplers Released . | . . . . . . Fabnet Peak Effective % . | . . . . . . Robots Rewired . | . . . . . . Allies Hacked . | . . . . . . Hacks Repelled . | . . . . . . Allies | -11 -10 -10 -10 -9 -8 -------- Run | Yrd Mat Min Exi Min Mat Total Allies . | . . . . . . Largest Group . | . . . . . . Highest-Rated Group . | . . . . . . Highest-Rated Ally . | . . . . . . Total Orders . | . . . . . . Ally Attacks . | . . . . . . Total Damage . | . . . . . . Kills . | . . . . . . Allies Corrupted . | . . . . . . Allies Melted . | . . . . . . Intel | -11 -10 -10 -10 -9 -8 ------- Run | Yrd Mat Min Exi Min Mat Robot Analysis Total 1 | . . . . . 1 Derelict Logs Recovered 2 | . . 1 . 1 . Drone Launches . | . . . . . . Drone Recoveries . | . . . . . . Exploration | -11 -10 -10 -10 -9 -8 ------------- Run | Yrd Mat Min Exi Min Mat Turns Passed 4261 | 92 981 654 503 591 1440 Spaces Moved 2088 | 43 463 395 309 344 534 Core 19 | 18 . . . . 1 Treads 2066 | 25 463 395 309 344 530 Legs . | . . . . . . Wheels 3 | . . . . . 3 Hover . | . . . . . . Flight . | . . . . . . Fastest Speed 50 | 50 160 160 160 160 140 Average Speed 164 | 158 160 160 160 161 175 Slowest Speed 700 | 200 160 160 160 240 700 Overloaded Moves . | . . . . . . Propulsion Burnouts . | . . . . . . Robots Hopped . | . . . . . . Cave-ins Triggered . | . . . . . . Exploration Rate (%) 57 | 5 75 86 69 67 43 Regions Visited 5 Branch Regions 3 Pre-discovered Areas . | . . . . . . Known Exits Taken . | . . . . . . Unknown Exits Taken 5 | 1 1 1 1 1 . Scrap Searched 3 | . . 1 . 2 . Spaces Dug 5 | . . . . . 5 Terrain Destroyed 105 | . 34 30 . . 41 Melee 5 | . . . . . 5 Projectile 3 | . . . . . 3 AOE 97 | . 34 30 . . 33 Terrain Rammed . | . . . . . . Walls Destroyed . | . . . . . . Machines Disabled . | . . . . . . Actions | -11 -10 -10 -10 -9 -8 --------- Run | Yrd Mat Min Exi Min Mat Total 2535 | 58 575 408 321 364 809 Wait 84 | . 6 . 1 5 72 Move 2083 | 42 462 394 308 343 534 Hop . | . . . . . . Pick Up 46 | 5 14 1 5 4 17 Fast Attach 19 | 6 2 . . . 11 Attach 18 | 1 3 . . 1 13 Detach . | . . . . . . Swap 28 | . 4 6 . . 18 Drop 33 | . 5 2 7 2 17 Fire 214 | 4 79 5 . 9 117 Melee 5 | . . . . . 5 Ram . | . . . . . . Kick . | . . . . . . Crush 5 | . . . . . 5 Escape Stasis . | . . . . . . Rewire . | . . . . . . Trap . | . . . . . . Miscellaneous . | . . . . . . Route ------- -11/Scrapyard -10/Materials (discovered 2 exits: [*Mat] / [*Min]) -10/Mines (discovered 2 exits: [*Mat] / *Exi) -10/Exiles -9/Mines -8/Materials (discovered 1 exit: [*Fac]) History --------- Turn | Location | Event 29 | -11/Scrapyard | Discovered new exit (range 16) 93 | -11/Scrapyard | Entered Materials 259 | -10/Materials | Discovered new exit (range 7) 311 | -10/Materials | Build established: Mutant 637 | -10/Materials | Discovered new exit (range 6) 1074 | -10/Materials | Entered Mines 1191 | -10/Mines | Learned Materials emergency access door positions 1264 | -10/Mines | Discovered new exit (range 14) 1721 | -10/Mines | Deemed a non-threat by the Exiles lab entrance 1721 | -10/Mines | Discovered new exit (range 5) 1728 | -10/Mines | Entered Exiles 1765 | -10/Exiles | Met 8R-AWN 1796 | -10/Exiles | Met EX-HEX 1839 | -10/Exiles | Met EX-BIN 1871 | -10/Exiles | Aligned with FarCom system 1872 | -10/Exiles | Given EX-Vault access code 1909 | -10/Exiles | Opened EX-Vault 1923 | -10/Exiles | Found Firepult 1964 | -10/Exiles | Warned to stay clear of 0b10 Research branches 2009 | -10/Exiles | Met EX-DEC 2210 | -10/Exiles | Discovered new exit (range 15) 2231 | -10/Exiles | Left Exiles lab with Firepult 2231 | -10/Exiles | Entered Mines 2234 | -9/Mines | Met a Derelict bent on vengeance 2291 | -9/Mines | Core integrity fell below 50% 2314 | -9/Mines | Learned 2 Materials zone layouts 2794 | -9/Mines | Discovered new exit (range 10) 2822 | -9/Mines | Entered Materials 2822 | -8/Materials | Evolved 4 slots: Utility x4 2917 | -8/Materials | Central database locked down 3262 | -8/Materials | Lost 3 parts (2u1w) 3334 | -8/Materials | Build established: Scavenger-Mutant 3398 | -8/Materials | Lost 5 parts (1p2n1u1w) 3948 | -8/Materials | Discovered new exit (range 16) 4074 | -8/Materials | Garrison activated, responded to threat 4233 | -8/Materials | Core integrity fell below 50% 4262 | -8/Materials | Self-destructed Last Messages --------------- Hpw. Shotgun, Shotgun. 04250_ X-57 Shotgunner heat short circuits Shotgun. 04251_ X-57 Shotgunner overheating. 04252_ Melted Broken Shotgun. 04252_ X-57 Shotgunner destroyed. 04252_ Melted Hrd. Medium Armor Plating. 04252_ X-57 Shotgunner critical meltdown. 04252_ VSS Leg melted. 04252_ Imp. Heat Sink melted. 04252_ Sml. Storage Unit melted. 04252_ Lgt. Ion Engine melted. 04252_ R-06 Scavenger destroyed. 04253_ H-61 Shepherd calls for reinforcements. 04253_ ALERT: Hostile activity reported, dispatching reinforcements to area. 04254_ Power failure, Lgt. Deuterium Engine shutdown. 04260_ Firepult destroyed. 04261_ Wheel destroyed. Map ----- +----------------------------------------------------+ | ?????????????????????????????????????????????????? | | ?????????????????????????????????????????????????? | | ?????????????????????????????????????????????????? | | ?????????????????????????????????????????????????? | | ?????????????????????????????????????????????????? | | ?????????????????????????????????????????????????? | | ?????????????????????????????????????????????????? | | ?????????????????????????????????????????????????? | | ??????????????????????????? ????????????????????? | | ??????????????????????????? ???????????????????? | | ??????????????????????????? #???????????????????? | | ??????????????????????????#^ ##?????????+??+?????? | | ?????????????????????????? #??????????????????? | | ?????????????????????????? #? ???????????????? | | ?????????????????????????? #?+##??????????????? | | ??????????????????????????# H# *???????????????? | | ??????????????????????????=[ #g ???????????????? | | ??????????????????????????!% "????????????????? | | ???????????????????#######;== g ?????????????????? | | ??????????????????## % ??????????????????? | | ??????????????????# ! * g#??????????????????? | | ??????????????????# [%[ %=%! ##?????????????????? | | ??????????????????##%[%## == ####??????????????? | | ?????????????????### =%##=% #??????????????? | | ?????????????????# #% %# [=[ = #??????????????? | | ??????????????????## =##@ S ] #??????????????? | | ??????????????????## ##= #??????????????? | | ??????????????????##= % """ #??????????????? | | ?????????????????### ## """ #??????????????? | | ????????########### ! # """ #??????????????? | | ??????? # #??????????????? | | ??????? *% ###########??????????????? | | ??????? ! #????????????????????????? | | ?????????########## ##???????????????????????? | | ??????????????????########???????##??????????????? | | # # #?????????##########"#??????????????? | | # # """ #?????????## """ #??????????????? | | # # """ #########??# """"" #??????????????? | | # """ ## #??# """"" #??????????????? | | + """ ## #??# """"" #??????????????? | | # """ ## #??# """ #??????????????? | | # ## #??#! ! #??????????????? | | # ## #??# #??????????????? | | # ## #??# #??????????????? | | ##############+###########+###########???????? | | !! % ^^ #?????? | | ! ^^ < #?????? | | " "" ^^ #?????? | | " """ ! #####+###"##+##################?????? | | " "" %* *"## ### ????????????????????? | +----------------------------------------------------+ Best States ------------- Heat Dissipation 67 Energy Generation 14 Energy Capacity 250 Matter Stores 300 Matter Capacity 300 Sight Range 16 Terrain Scan Range 16 Terrain Scan Density 10 Additional Mass Support 6 Armor Coverage 150 Resistance: TH 10 Utility Shielding 33 Evasion (%) 40 Recoil Reduction 2 Offensive Hacking 10 Item Schematics ----------------- Huge Storage Unit | -10/Materials | Hacked Robot Schematics ------------------ None Fabricated ------------ Nothing Alien Tech Used ----------------- None Achievements -------------- None Challenges ------------ None Game ------ Seed KineticSmallSystem Manual? 0 Play Time 00:30:04 Cumulative 53.2 hours Start 2024.04.30 @ 12:54:51 End 2024.04.30 @ 13:24:17 Sessions 1 Manual Loads 0 Difficulty Rogue Special Mode None Game No. 74 Rogue 74 Adventurer 0 Explorer 0 Win Type - Total 1 Types 1/0/0/0/0/0/0/0/0 Lore% 27 Gallery% 43 Achievement% 32 Wizard Run 0 Options --------- Layout 1 ASCII 0 Keyboard 0 Movement Mouse Keybinds 0 Fullscreen 1 Font 24/Smallcaps Map View 50x35 Zoom Use 0% Tactical HUD 1 Map Filters NONE Filters NONE Steam 1 RUN: 532713a8-f15a-4ecf-b368-90fc5f3fe4f5